 Dungeon Crawl Stone Soup version 0.31.0-11-ge490571c62 (webtiles) character file.

Game seed: 16576471196206003709

78 Flugkiller the Chiller (level 4, 0/21 HPs)
             Began as a Vine Stalker Ice Elementalist on Feb 1, 2024.
             Succumbed to a gnoll's poison
             ... on level 5 of the Dungeon.
             The game lasted 00:02:03 (360 turns).

Flugkiller the Chiller (VSIE)                        Turns: 360, Time: 00:02:04

Health: 0/21       AC:  3    Str:  7 (10) XL:     4   Next: 36%
Magic:  0/10       EV: 12    Int: 16 (17) God:
Gold:   25         SH:  0    Dex: 14 (15) Spells: 6/10 levels left

rFire   . . .        l - +0 rapier
rCold   . . .        (no shield)
rNeg    . . .        a - +0 robe
rPois   .            (no helmet)
rElec   .            k - +0 cloak
rCorr   .            (no gloves)
SInv    .            (no boots)
Will    .....        (no amulet)
Stlth   ++           (no ring)
HPRegen 1.03/turn    (no ring)
MPRegen 0.12/turn

%: guardian spirit
@: lethally poisoned (0 -> -1), freezing walls, invisible
A: fangs 2, regeneration 1, magic shield, antimagic bite, no potion heal 2
a: no special abilities


You were on level 5 of the Dungeon.
You visited 1 branch of the dungeon, and saw 5 of its levels.

You collected 25 gold pieces.

Inventory:

Hand Weapons
 d - a +0 mace
   (You found it on level 1 of the Dungeon)
 l - a +0 rapier (weapon)
   (You found it on level 2 of the Dungeon)
Missiles
 j - 16 poisoned darts
Armour
 a - a +0 robe (worn)
 k - a +0 cloak (worn)
   (You found it on level 2 of the Dungeon)
Scrolls
 e - a scroll of amnesia {unknown}
 f - a scroll of identify {unknown}
 h - a scroll of teleportation {unknown}
 i - 2 scrolls of poison {unknown}
 m - 3 scrolls of blinking {unknown}
Potions
 b - a potion of magic
 g - a potion of cancellation {unknown}
 n - a potion of mutation {unknown}
 o - a potion of degeneration
 p - a potion of curing {unknown}


   Skills:
 - Level 1.5 Dodging
 - Level 2.4 Stealth
 + Level 3.5 Spellcasting
 + Level 4.9 Ice Magic


You had 6 spell levels left.
You knew the following spells:

 Your Spells              Type           Power      Damage    Failure   Level
a - Freeze                Ice            72%        1d8       2%          1
b - Frozen Ramparts       Ice            36%        1d6       7%          3

Your spell library contained the following spells:

 Spells                   Type           Power      Damage    Failure   Level
 Ozocubu's Armour         Ice            18%        N/A       7%          3
 Magic Dart               Conj           8%         1d3       19%         1
 Summon Ice Beast         Ice/Summ       10%        N/A       19%         3
 Blink                    Tloc           4%         N/A       26%         2
 Call Imp                 Summ           4%         N/A       26%         2


Dungeon Overview and Level Annotations

Branches:
Dungeon (5/15) Zot: 26968
 Temple: D:4-7

Altars:


Innate Abilities, Weirdness & Mutations

You have extremely sharp teeth.
Your natural rate of healing is unusually fast.
When hurt, damage is shared between your health and your magic reserves.
Your bite disrupts and absorbs the magic of your enemies.
Potions cannot restore your health.


Message History

The adder is severely wounded.
The wall freezes the adder.
You kill the adder!
The wall freezes the endoplasm.
You hit the endoplasm.
You kill the endoplasm!
The frozen ramparts melt away as you move.
Found a coppery potion.
Found a scroll labelled LEHELA ZUET.
Found 14 gold pieces.
Found a stone staircase leading down.
o - 2 yellow potions (gained 1)
You now have 11 gold pieces (gained 9).
p - a coppery potion
i - 2 scrolls labelled LEHELA ZUET (gained 1)
You now have 25 gold pieces (gained 14).
There is a stone staircase leading down here.
You climb downwards.
The ufetubus shouts!
You hear a shout!
There is a stone staircase leading up here.
Unknown command.
Casting: Frozen Ramparts (extremely dangerous; 8% risk of failure)
Confirm with . or Enter, or press ? or * to list all spells.
The walls around you are covered in ice.
The ufetubus resists.
The wall freezes the ufetubus.
The ufetubus resists.
The wall freezes the ufetubus.
The ufetubus slips past you! The ufetubus misses you. The ufetubus hits you.
You hit the ufetubus. Your bite misses the ufetubus.
The ufetubus is almost dead.
The ufetubus completely resists.
The wall freezes the ufetubus but does no damage. x2
The ufetubus closely misses you. The ufetubus barely misses you.
The ufetubus completely resists.
The wall freezes the ufetubus but does no damage.
The ufetubus completely misses you. The ufetubus hits you.
The ufetubus completely resists.
The wall freezes the ufetubus but does no damage.
You hit the ufetubus.
You kill the ufetubus!
The ufetubus resists.
The wall freezes the ufetubus.
The ufetubus hits you. The ufetubus barely misses you.
You closely miss the ufetubus. Your bite misses the ufetubus.
The ufetubus is lightly wounded.
The ufetubus resists.
The wall freezes the ufetubus.
The ufetubus closely misses you. x2
The wall freezes the ufetubus but does no damage.
The ufetubus hits you. x2
You hit the ufetubus.
You bite the ufetubus, but do no damage.
The ufetubus is severely wounded.
The ufetubus completely resists.
The wall freezes the ufetubus but does no damage.
The ufetubus hits you but does no damage.
The ufetubus hits you.
The ufetubus resists.
The wall freezes the ufetubus.
The ufetubus barely misses you. The ufetubus closely misses you.
You hit the ufetubus.
You kill the ufetubus!
The frozen ramparts melt away as you move.
Found an escape hatch in the floor.
An iguana comes into view.
A gnoll comes into view. It is wielding a +2 spear of venom.
The gnoll shouts!
You hear a shout! x2
Casting: Frozen Ramparts (extremely dangerous; 7% risk of failure)
Confirm with . or Enter, or press ? or * to list all spells.
The walls around you are covered in ice.
Unknown command.
The wall freezes the iguana but does no damage.
You hit the iguana but do no damage. You bite the iguana, but do no damage.
The wall freezes the iguana.
The iguana bites you.
The wall freezes the iguana.
The iguana seems to slow down.
The iguana bites you.
Casting: Frozen Ramparts (extremely dangerous; 7% risk of failure)
Confirm with . or Enter, or press ? or * to list all spells.
Aiming: Freeze (safe; 2% risk of failure)
Press: ? - help, Shift-Dir - straight line, f - iguana
Aim: an iguana (lightly wounded, slow)
You freeze the iguana.
The iguana is moderately wounded.
The iguana seems to slow down.
The wall freezes the gnoll.
The gnoll hits you from afar with a +2 spear of venom.
You are poisoned.
You hit the iguana but do no damage. Your bite misses the iguana.
The iguana is moderately wounded.
You feel very sick.
The wall freezes the iguana!
The iguana barely misses you.
The wall freezes the gnoll.
The gnoll completely misses you.
Unknown command.
It was a potion of degeneration.
There was something very wrong with that liquid.
You feel weakened.
You feel dopey.
You feel clumsy.
You feel sick.
The wall freezes the gnoll.
The gnoll hits you from afar with a +2 spear of venom.
* * * LOW HITPOINT WARNING * * *
The wall freezes the iguana!
You kill the iguana!
You feel your intelligence returning.
You have reached level 4!
You feel agile.
It was a potion of invisibility.
You fade into invisibility!
You die...

...............
...............
..............
#...........
#....g<.....
##..........
#..###..... ###
###..# ####.
#@####....#####
#..g............
#...............
#..........>.....
##...............
#....######....#
###### #..## ..#
..


You could see a gnoll (unable to see you).

Vanquished Creatures
  An iguana (D:5)
  2 adders
  2 ufetubi (D:5)
  A dart slug (D:1)
  A ribbon worm (D:2)
  2 bats
  2 endoplasms
  A goblin (D:1)
  3 hobgoblins
  A quokka (D:2)
  A ball python (D:1)
  A frilled lizard (D:2)
  2 kobolds
  4 rats
24 creatures vanquished.

Notes
Turn   | Place    | Note
-------+----------+-------------------------------------------
     0 | D:1      | Flugkiller the Vine Stalker Ice Elementalist began the
                  | quest for the Orb.
     0 | D:1      | Reached XP level 1. HP: 9/9 MP: 4/4
   102 | D:1      | Reached XP level 2. HP: 13/13 MP: 3/6
   217 | D:2      | Reached XP level 3. HP: 12/16 MP: 5/8
   281 | D:4      | Learned a level 3 spell: Frozen Ramparts
   330 | D:5      | Entered Level 5 of the Dungeon
   360 | D:5      | Reached XP level 4. HP: 1/21 MP: 0/10
   360 | D:5      | Succumbed to a gnoll's poison

Illustrated notes

Levels and vault maps discovered:
D:1:      dpeg_arrival_ternary, layout_basic, reono_crystal_passage,
          corexii_hall_statues_i
D:2:      layout_rooms, hellmonk_ecumenical_altar_pennies_from_heaven,
          basic_altar
D:3:      layout_basic, chequers_serial_rivers_large_a
D:4:      cheibrodos_thug_alley, layout_basic, minmay_temple_entry_slanted
D:5:      layout_cave_pods, nicolae_overflow_squiral, minmay_misc_feat_roman,
          palyth_stone_intersect, minmay_fire_ice_demons

Skill      XL: |  1  2  3 |
---------------+----------+-----
Spellcasting   | 3 |  3.5
Dodging        | |  1.5
Stealth        | |  2.4
Ice Magic      | |  4.9

Action                     |  1- 3 |  4- 6 || total
---------------------------+-------+-------++-------
  Melee: Mace              |     6 |       ||     6
         Rapier            |    25 |       ||    25
         Bite              |     9 |       ||     9
   Cast: Freeze            |    22 |       ||    22
         Frozen Ramparts   |     3 |       ||     3
    Use: Potion            |     1 |     1 ||     2
 Armour: Robe              |    33 |       ||    33
  Dodge: Dodged            |    33 |       ||    33
